 Dungeon Crawl Stone Soup version 0.31-a0-188-g5e087ee2ca (webtiles) character file.

Game seed: 8576001253363283868

5864 qw the Markself (level 10, -19/59 HPs)
             Began as a Deep Elf Hunter on June 23, 2023.
             Killed from afar by an acid dragon (22 damage)
             ... with a splash of acid
             ... on level 10 of the Dungeon.
             The game lasted 00:03:27 (6720 turns).

qw the Markself (Deep Elf Hunter)                   Turns: 6720, Time: 00:03:27

Health: -19/59     AC:  9    Str: 11    XL:     10   Next: 52%
Magic:  12/12      EV: 16    Int: 14    God:
Gold:   419        SH:  0    Dex: 22    Spells: 9/9 levels left

rFire   + . .        j - +0 orcbow
rCold   . . .        (shield currently unavailable)
rNeg    + . .        g - +0 ring mail
rPois   .            f - +0 helmet
rElec   +            h - +1 cloak
rCorr   .            a - +2 pair of gloves
SInv    .            k - +0 pair of boots
Will    +....        s - amulet of regeneration
Stlth   ++           e - ring of protection from fire
HPRegen 1.09/turn    i - ring of positive energy
MPRegen 0.13/turn

%: no passive effects
@: brilliant, lethally poisoned (-19 -> -27), about to teleport, corroded
A: agile 1, electricity resistance
a: no special abilities


You were on level 10 of the Dungeon.
You visited 2 branches of the dungeon, and saw 11 of its levels.
You also visited: Ossuary.

You collected 419 gold pieces.


Innate Abilities, Weirdness & Mutations

You are agile. (Dex +4, Str/Int -1)
You are resistant to electric shocks. (rElec)


   Skills:
 - Level 5.4 Fighting
 - Level 16.0 Ranged Weapons
 - Level 3.5 Armour
 + Level 8.9 Dodging
 - Level 1.2 Stealth


You had 9 spell levels left.
You didn't know any spells.
Your spell library was empty.

Inventory:

Hand Weapons
 j - a +0 orcbow (weapon)
Armour
 a - a +2 pair of gloves (worn)
 f - a +0 helmet (worn)
 g - a +0 ring mail (worn)
 h - a +1 cloak (worn)
 k - a +0 pair of boots (worn)
Jewellery
 e - a ring of protection from fire (left hand)
 i - a ring of positive energy (right hand)
 s - an amulet of regeneration (around neck)
Scrolls
 d - 3 scrolls of teleportation
 l - a scroll of identify
Potions
 b - 2 potions of haste
 c - a potion of enlightenment
 m - a potion of might
 n - 4 potions of curing
 p - a potion of cancellation

Dungeon Overview and Level Annotations

Branches:
Dungeon (10/15)            Temple (1/1) D:4            Lair (0/5) D:8
    Orc (0/2) D:9         Ossuary (visited)

Altars:
Ashenzari
Cheibriados
Dithmenos
Elyvilon
Fedhas
Gozag
Hepliaklqana
Kikubaaqudgha
Makhleb
Nemelex Xobeh
Qazlal
Ru
Sif Muna
Trog
Uskayaw
Vehumet
Wu Jian
Xom
Zin
The Shining One

Shops:
D:5 (   D:7 (=


Message History

You shoot an arrow.
The arrow closely misses the acid dragon.
The acid dragon spits acid at you. The splash of acid hits you.
You hear a shout!
You shoot an arrow.
The arrow closely misses the orc warrior.
An orc wizard comes into view.
It is wielding a +0 dagger and wearing a +2 robe of cold resistance.
The orc warrior hits you with a +0 short sword of venom.
You are poisoned.
You shoot an arrow. The arrow hits the acid dragon.
The acid dragon is lightly wounded.
You feel very sick.
You shoot an arrow.
The arrow hits the acid dragon but does no damage.
The acid dragon is lightly wounded.
You feel sick. The acid dragon spits acid at you. The splash of acid hits you!
The acid corrodes you!
An orc comes into view. It is wielding a +0 flail.
The orc warrior closely misses you.
You shoot an arrow. The arrow hits the acid dragon.
The acid dragon is moderately wounded.
You feel sick. The acid dragon barely misses you. x2
The orc warrior hits you with a +0 short sword of venom!
You are more poisoned.
You shoot an arrow. The arrow hits the acid dragon!
The acid dragon is severely wounded.
You feel very sick. The acid dragon bites you! The acid dragon claws you.
The orc wizard hits you with a +0 dagger.
The orc warrior hits you with a +0 short sword of venom.
You are lethally poisoned!
6720 ||| READING 4 scrolls of teleportation.
As you read the scroll of teleportation, it crumbles to dust.
You feel strangely unstable.
You feel very sick. The acid dragon spits acid at you.
The splash of acid hits you!!
You die...

#######.#.##
.......<.#.#
#######...########
#########.#........
#.....<.....#####.#
#.#######...# #...#
## ##..##.##
#..#@D.#..#
##..oo......
####o####.# )# .#
##


You could see an orc warrior, an acid dragon (catching breath), an orc wizard
and an orc.

Vanquished Creatures
  Joseph (D:7)
  A troll (D:8)
  Prince Ribbit (D:7)
  A vampire (D:9)
  A wraith (D:9)
  Eustachio (D:5)
  3 yaks (D:7)
  A steam dragon (D:7)
  3 water moccasins
  An orc warrior (D:8)
  A black bear (D:4)
  2 ice beasts
  3 sky beasts
  4 centaurs
  An ogre (D:5)
  A phantom (D:7)
  Blork the orc (D:4)
  2 bullfrogs
  3 scorpions
  A water moccasin zombie (Ossuary)
  10 wights
  11 killer bees
  4 howler monkeys
  A bullfrog zombie (Ossuary)
  6 centaur zombies (Ossuary)
  3 orc priests
  A hound (D:7)
  2 iguanas
  2 jellies
  2 gnoll boudas
  2 human zombies (Ossuary)
  A sleepcap (D:4)
  8 orc wizards
  17 gnolls
  4 adders
  A shadow imp (D:6)
  A white imp (D:5)
  An ufetubus (D:5)
  An adder zombie (Ossuary)
  3 worms
  2 dart slugs
  27 orcs
  8 ball pythons
  6 endoplasms
  5 giant cockroaches
  2 gnoll zombies (Ossuary)
  11 goblins
  4 hobgoblins
  2 jackals (D:1)
  2 quokkas (D:3)
  5 bats
  6 frilled lizards
  2 goblin zombies (Ossuary)
  5 hobgoblin zombies (Ossuary)
  9 kobolds
  4 orc zombies (Ossuary)
  2 rats
216 creatures vanquished.

Notes
Turn   | Place    | Note
-------+----------+-------------------------------------------
     0 | D:1      | qw the Deep Elf Hunter began the quest for the Orb.
     0 | D:1      | Reached XP level 1. HP: 12/12 MP: 3/3
     0 | D:1      | 0 ||| qw: Version: 0.3-a-9-g12657ce
     0 | D:1      | 0 ||| qw: Game counter: 3140
     0 | D:1      | 0 ||| qw: Always use a shield: true
     0 | D:1      | 0 ||| qw: God list: Okawaru
     0 | D:1      | 0 ||| qw: Allow faded altars: false
     0 | D:1      | 0 ||| qw: Do Orc after D:15 true
     0 | D:1      | 0 ||| qw: Do second Lair branch before Depths: true
     0 | D:1      | 0 ||| qw: Lair rune preference: random
     0 | D:1      | 0 ||| qw: Plans: Normal
     0 | D:1      | 0 ||| PLANNING D:1-11
    44 | D:1      | 44 ||| Stepping ~*~*~tactically~*~*~ (water).
    92 | D:1      | Reached XP level 2. HP: 16/16 MP: 4/4
    98 | D:1      | Reached skill level 6 in Ranged Weapons
   650 | D:1      | 650 ||| DROPPING ring of magical power.
   651 | D:1      | 651 ||| READING scroll labelled MODECO ELIOKI.
   652 | D:1      | 652 ||| READING scroll labelled GAGHACWY VOTHU.
   653 | D:1      | 653 ||| READING scroll labelled TETTES LUENYNKECS.
   654 | D:1      | 654 ||| READING scroll labelled ACLA FUTE IHEYNIE.
   655 | D:1      | 655 ||| READING scroll labelled XEASYPHOUS.
   656 | D:1      | 656 ||| READING scroll labelled QUGAMA RI IMP.
   657 | D:1      | 657 ||| READING scroll labelled KAXKEP WIMYARU.
   660 | D:1      | 660 ||| READING 2 scrolls labelled RIOXKI BELUOCS.
   689 | D:1      | 689 ||| READING scroll labelled QOOSEZXUAH.
   690 | D:1      | 690 ||| DROPPING scroll of butterflies.
   691 | D:1      | 691 ||| DROPPING scroll of torment.
   732 | D:2      | Reached XP level 3. HP: 20/20 MP: 5/5
  1130 | D:2      | Reached skill level 7 in Ranged Weapons
  1279 | D:2      | 1279 ||| UPGRADING to +0 cloak.
  1284 | D:2      | 1284 ||| UPGRADING to +0 helmet.
  1289 | D:2      | 1289 ||| UPGRADING to amulet of guardian spirit.
  1294 | D:2      | 1294 ||| READING scroll labelled OVVUAMN MEOBU.
  1395 | D:2      | 1395 ||| READING scroll labelled USETIZ FOUVE.
  1396 | D:2      | 1396 ||| READING 2 scrolls labelled OWUUJI KIOTOU.
  1397 | D:2      | 1397 ||| DRINKING 2 bubbling golden potions.
  1397 | D:2      | Gained mutation: You are vulnerable to cold. (rC-) [potion
                  | of mutation]
  1397 | D:2      | Gained mutation: You possess an exceptional clarity of
                  | mind. [potion of mutation]
  1398 | D:2      | 1398 ||| DRINKING potion of mutation.
  1398 | D:2      | Lost mutation: You possess an exceptional clarity of mind.
                  | [potion of mutation]
  1398 | D:2      | Lost mutation: You are vulnerable to cold. (rC-) [potion of
                  | mutation]
  1398 | D:2      | Gained mutation: You are resistant to electric shocks.
                  | (rElec) [potion of mutation]
  1398 | D:2      | Gained mutation: You are agile. (Dex +4, Str/Int -1)
                  | [potion of mutation]
  1399 | D:2      | 1399 ||| DRINKING 2 metallic sapphire potions.
  1503 | D:2      | 1503 ||| DROPPING scroll of amnesia.
  1504 | D:2      | 1504 ||| DROPPING potion of berserk rage.
  1589 | D:3      | 1589 ||| UPGRADING to +0 pair of gloves.
  1597 | D:3      | Reached skill level 3 in Dodging
  1597 | D:3      | Reached XP level 4. HP: 25/25 MP: 6/6
  1691 | D:3      | 1691 ||| FLEEEEING.
  1692 | D:3      | 1692 ||| FLEEEEING.
  1693 | D:3      | 1693 ||| FLEEEEING.
  1694 | D:3      | 1694 ||| FLEEEEING.
  1695 | D:3      | 1695 ||| FLEEEEING.
  1696 | D:3      | 1696 ||| FLEEEEING.
  1697 | D:3      | 1697 ||| FLEEEEING.
  1698 | D:3      | 1698 ||| FLEEEEING.
  1699 | D:3      | 1699 ||| FLEEEEING.
  1700 | D:3      | 1700 ||| FLEEEEING.
  1701 | D:3      | 1701 ||| FLEEEEING.
  1702 | D:3      | 1702 ||| FLEEEEING.
  1703 | D:3      | 1703 ||| FLEEEEING.
  1704 | D:3      | 1704 ||| FLEEEEING.
  1705 | D:3      | 1705 ||| FLEEEEING.
  1706 | D:3      | 1706 ||| FLEEEEING.
  1707 | D:3      | 1707 ||| FLEEEEING.
  1708 | D:3      | 1708 ||| FLEEEEING.
  1709 | D:3      | 1709 ||| FLEEEEING.
  1710 | D:3      | 1710 ||| FLEEEEING.
  1711 | D:3      | 1711 ||| FLEEEEING.
  1712 | D:3      | 1712 ||| FLEEEEING.
  1713 | D:3      | 1713 ||| FLEEEEING.
  1714 | D:3      | 1714 ||| FLEEEEING.
  1715 | D:3      | 1715 ||| FLEEEEING.
  1717 | D:3      | 1717 ||| STAIRDANCE
  1757 | D:3      | 1757 ||| STAIRDANCE
  1824 | D:3      | Found a broken altar of Ashenzari.
  1826 | D:3      | Reached skill level 8 in Ranged Weapons
  1941 | D:3      | Reached XP level 5. HP: 29/29 MP: 7/7
  1942 | D:3      | Identified the +2 great mace "Boure" {heavy, rF- Str+2
                  | Dex+2 SInv}
  2294 | D:3      | 2294 ||| UPGRADING to +0 ring mail.
  2304 | D:3      | 2304 ||| DROPPING +0 leather armour.
  2305 | D:3      | 2305 ||| UPGRADING to +1 cloak.
  2315 | D:3      | 2315 ||| DROPPING +0 cloak.
  2316 | D:3      | 2316 ||| UPGRADING to +0 pair of boots.
  2380 | D:4      | Reached skill level 1 in Armour
  2380 | D:4      | Reached XP level 6. HP: 34/34 MP: 8/8
  2425 | D:4      | Found a staircase to the Ecumenical Temple.
  2426 | D:4      | 2426 ||| PLANNING TEMPLE
  2446 | D:4      | Found a shimmering altar of Xom.
  2502 | D:4      | Reached skill level 9 in Ranged Weapons
  2599 | D:4      | Noticed Blork the orc
  2606 | D:4      | Killed Blork the orc
  2629 | D:4      | Reached skill level 10 in Ranged Weapons
  2856 | D:4      | Reached XP level 7. HP: 37/40 MP: 9/9
  2980 | D:4      | 2980 ||| UPGRADING to ring of protection from fire.
  2981 | D:4      | 2981 ||| READING scroll labelled SETUF VOREIRPH.
  2989 | D:5      | Entered Level 5 of the Dungeon
  2990 | D:5      | 2990 ||| PLANNING OSSUARY
  3034 | D:5      | 3034 ||| READING scroll of enchant weapon.
  3034 | D:5      | 3034 ||| ENCHANTING +1 shortbow of flaming.
  3085 | D:5      | Reached skill level 11 in Ranged Weapons
  3104 | D:5      | 3104 ||| READING scroll of enchant weapon.
  3104 | D:5      | 3104 ||| ENCHANTING +2 shortbow of flaming.
  3234 | D:5      | Found Isiublob's Weapon Shop.
  3256 | D:5      | 3256 ||| READING scroll labelled WUNIAJ MUKUNI.
  3260 | D:5      | Noticed Eustachio
  3263 | D:5      | 3263 ||| FLEEEEING.
  3269 | D:5      | Killed Eustachio
  3270 | D:5      | Reached skill level 12 in Ranged Weapons
  3270 | D:5      | Reached XP level 8. HP: 34/44 MP: 6/10
  3272 | D:5      | 3272 ||| FLEEEEING.
  3273 | D:5      | 3273 ||| FLEEEEING.
  3274 | D:5      | 3274 ||| FLEEEEING.
  3275 | D:5      | 3275 ||| FLEEEEING.
  3276 | D:5      | 3276 ||| FLEEEEING.
  3277 | D:5      | 3277 ||| FLEEEEING.
  3278 | D:5      | 3278 ||| FLEEEEING.
  3279 | D:5      | 3279 ||| FLEEEEING.
  3284 | D:5      | 3284 ||| FLEEEEING.
  3285 | D:5      | 3285 ||| FLEEEEING.
  3286 | D:5      | 3286 ||| FLEEEEING.
  3287 | D:5      | 3287 ||| FLEEEEING.
  3288 | D:5      | 3288 ||| FLEEEEING.
  3289 | D:5      | 3289 ||| FLEEEEING.
  3290 | D:5      | 3290 ||| FLEEEEING.
  3291 | D:5      | 3291 ||| FLEEEEING.
  3292 | D:5      | 3292 ||| FLEEEEING.
  3325 | D:5      | 3325 ||| READING scroll of enchant armour.
  3325 | D:5      | 3325 ||| ENCHANTING +0 pair of gloves.
  3356 | D:5      | Reached skill level 3 in Fighting
  3356 | D:5      | 3356 ||| FLEEEEING.
  3357 | D:5      | 3357 ||| FLEEEEING.
  3358 | D:5      | 3358 ||| FLEEEEING.
  3359 | D:5      | 3359 ||| FLEEEEING.
  3361 | D:5      | 3361 ||| FLEEEEING.
  3362 | D:5      | 3362 ||| FLEEEEING.
  3363 | D:5      | 3363 ||| FLEEEEING.
  3364 | D:5      | 3364 ||| FLEEEEING.
  3365 | D:5      | 3365 ||| FLEEEEING.
  3366 | D:5      | 3366 ||| FLEEEEING.
  3367 | D:5      | 3367 ||| FLEEEEING.
  3368 | D:5      | 3368 ||| STAIRDANCE
  3417 | D:5      | Found a burning altar of Makhleb.
  3457 | D:5      | Found a glowing silver altar of Zin.
  3528 | D:5      | Found a sand-covered staircase.
  3537 | Ossuary  | Entered an ossuary
  3662 | Ossuary  | Reached skill level 13 in Ranged Weapons
  3730 | Ossuary  | Noticed a silent spectre
  3764 | Ossuary  | 3764 ||| DRINKING 2 clear potions.
  3765 | Ossuary  | 3765 ||| DRINKING 4 silvery potions.
  3770 | D:5      | 3770 ||| PLANNING TEMPLE
  3770 | D:5      | 3770 ||| READING scroll of enchant armour.
  3770 | D:5      | 3770 ||| ENCHANTING +1 pair of gloves.
  3771 | D:5      | 3771 ||| READING scroll labelled PESSOTHRU COUDIRPH.
  3772 | D:5      | 3772 ||| READING 3 scrolls of identify.
  3772 | D:5      | 3772 ||| IDENTIFYING sapphire potion
  3773 | D:5      | 3773 ||| READING 2 scrolls of identify.
  3773 | D:5      | 3773 ||| IDENTIFYING sedimented clear potion
  3774 | D:5      | 3774 ||| DROPPING potion of degeneration.
  3801 | D:5      | 3801 ||| STAIRDANCE
  3809 | Temple   | Entered the Ecumenical Temple
  3919 | Temple   | 3919 ||| PLANNING D:1-11
  3949 | D:5      | 3949 ||| Stepping randomly (stuck).
  4004 | D:6      | Found a shadowy altar of Dithmenos.
  4004 | D:6      | Found a hazy altar of Hepliaklqana.
  4087 | D:6      | Reached skill level 14 in Ranged Weapons
  4087 | D:6      | Reached XP level 9. HP: 50/50 MP: 11/11
  4119 | D:6      | Reached skill level 6 in Dodging
  4196 | D:6      | Found a white marble altar of Elyvilon.
  4322 | D:6      | Identified the +1 hat of the Tick {rElec Int+3}
  4469 | D:6      | 4469 ||| DROPPING +1 hat of the Tick {rElec Int+3}.
  4470 | D:6      | 4470 ||| UPGRADING to ring of positive energy.
  4471 | D:6      | 4471 ||| READING 2 scrolls of identify.
  4471 | D:6      | 4471 ||| IDENTIFYING black potion
  4774 | D:7      | Found a flagged portal.
  4775 | D:7      | Found Egheri Zeca's Weapon Emporium.
  4778 | D:7      | Noticed Joseph
  4782 | D:7      | 4782 ||| FLEEEEING.
  4785 | D:7      | 4785 ||| FLEEEEING.
  4786 | D:7      | 4786 ||| FLEEEEING.
  4811 | D:7      | Killed Joseph
  4911 | D:7      | 4911 ||| SHOPLISTING +6 shortbow "Geker" {flame, Dex+3}
                  | (535 gold, have 249).
  4950 | D:7      | Found Cygorux's Jewellery Shop.
  4960 | D:7      | 4960 ||| SHOPLISTING +4 ring of protection (468 gold, have
                  | 249).
  4960 | D:7      | 4960 ||| SHOPLISTING +4 ring of slaying (1014 gold, have
                  | 249).
  4960 | D:7      | 4960 ||| SHOPLISTING +5 ring of evasion (468 gold, have
                  | 249).
  4960 | D:7      | 4960 ||| SHOPLISTING +6 ring of dexterity (468 gold, have
                  | 249).
  4960 | D:7      | 4960 ||| SHOPLISTING amulet of reflection (390 gold, have
                  | 249).
  4960 | D:7      | 4960 ||| SHOPLISTING ring "Xaexov" {Str+2 Dex+6} (613 gold,
                  | have 249).
  5078 | D:7      | Noticed Prince Ribbit
  5084 | D:7      | Killed Prince Ribbit
  5085 | D:7      | Reached skill level 3 in Armour
  5136 | D:7      | 5136 ||| FLEEEEING.
  5137 | D:7      | 5137 ||| FLEEEEING.
  5138 | D:7      | 5138 ||| FLEEEEING.
  5139 | D:7      | 5139 ||| FLEEEEING.
  5140 | D:7      | 5140 ||| FLEEEEING.
  5141 | D:7      | 5141 ||| FLEEEEING.
  5343 | D:7      | 5343 ||| DROPPING amulet of the acrobat.
  5344 | D:7      | 5344 ||| UPGRADING to amulet of regeneration.
  5354 | D:7      | 5354 ||| DROPPING amulet of guardian spirit.
  5379 | D:8      | Reached XP level 10. HP: 59/59 MP: 12/12
  5497 | D:8      | 5497 ||| Stepping ~*~*~tactically~*~*~ (outnumbered).
  5565 | D:8      | 5565 ||| SWAPPING to +0 orcbow.
  5566 | D:8      | 5566 ||| DROPPING +3 shortbow of flaming.
  5701 | D:8      | Found a staircase to the Lair.
  6032 | D:8      | 6032 ||| DRINKING 2 fuming grey potions.
  6033 | D:8      | 6033 ||| READING 3 scrolls of identify.
  6033 | D:8      | 6033 ||| IDENTIFYING fizzy black potion
  6034 | D:8      | 6034 ||| READING 2 scrolls of identify.
  6034 | D:8      | 6034 ||| IDENTIFYING purple potion
  6035 | D:8      | 6035 ||| DROPPING potion of attraction.
  6152 | D:9      | Reached skill level 15 in Ranged Weapons
  6339 | D:9      | 6339 ||| DRINKING 5 potions of curing.
  6339 | D:9      | 6339 ||| (to cure confusion)
  6549 | D:9      | HP: 13/59 [gnoll/+0 halberd[a gnoll bouda] (9)]
  6550 | D:9      | 6550 ||| READING 5 scrolls of teleportation.
  6551 | D:9      | 6551 ||| DRINKING potion of heal wounds.
  6575 | D:9      | Found a staircase to the Orcish Mines.
  6685 | D:9      | 6685 ||| DRINKING 2 coppery potions.
  6686 | D:9      | 6686 ||| DROPPING potion of brilliance.
  6691 | D:10     | Entered Level 10 of the Dungeon
  6713 | D:10     | Reached skill level 16 in Ranged Weapons
  6719 | D:10     | HP: 11/59 [acid dragon (7)]
  6720 | D:10     | 6720 ||| READING 4 scrolls of teleportation.
  6720 | D:10     | HP: 3/59 [poisoned by an orc warrior]
  6720 | D:10     | Killed from afar by an acid dragon

Levels and vault maps discovered:
D:1:      lightli_arrival_farm, layout_loops_ring
D:2:      layout_basic, kennysheep_generic_room_9
D:3:      layout_loops_ring, nicolae_overflow_crystal_walls,
          nrook_loot_triangle, small_statue_intersection,
          corexii_leaking_fountain, kennysheep_cluttered_room, minmay_checkerbox
D:4:      layout_cave_pools, brannock_xom_greatest_gift,
          minmay_temple_entry_from_below_a, uniq_blork_the_orc
D:5:      layout_cave_pools, lightli_temple_of_fire,
          mainiacjoe_overflow_tiny_flanked, chequers_ossuary_entry_cave,
          serial_shops, shop, nicolae_the_louvre, uniq_eustachio
D:6:      layout_cave_pools, riverfiend_overflow_shadow_ancestor,
          elyvilon_altar_5, minmay_misc_feat_rugged, hangedman_decor_growths
D:7:      layout_loops_ring, serial_shops, shop, enter_bailey_3,
          minmay_shop_enchanted_jewellery, uniq_joseph, uniq_prince_ribbit1
D:8:      layout_loops_cross, lair_entry_dummy, minmay_gold_behind_fungi
D:9:      layout_basic, orc_0_dummy
D:10:     layout_loops_ring, marbit_many_paths, amcnicky_altar_gilded,
          hangedman_incinerator
Temple:   dshaligram_water_room_temple

Skill      XL: |  1  2  3  4  5  6  7  8  9 10 |
---------------+-------------------------------+-----
Ranged Weapons | 6 7 8 10 12 14 16 | 16.0
Dodging        | 3 4 5 8 |  8.9
Armour         | 1 2 3 |  3.5
Fighting       | 2 3 5 |  5.4
Stealth        | |  1.2

Action                     |  1- 3 |  4- 6 |  7- 9 | 10-12 || total
---------------------------+-------+-------+-------+-------++-------
   Fire: Shortbow          |   105 |   139 |   302 |    40 ||   586
         Orcbow            |       |       |       |   165 ||   165
    Use: Scroll            |    12 |       |    10 |     4 ||    26
         Potion            |     3 |       |     2 |     4 ||     9
 Armour: Leather armour    |    11 |     7 |       |       ||    18
         Ring mail         |       |    37 |    35 |    58 ||   130
  Dodge: Dodged            |    18 |    28 |    37 |   173 ||   256

Table legend:
 A = Non-vault XP
 B = Vault XP
 C = Vault XP percentage of total XP
 D = Non-vault monster count
 E = Vault monster count
 F = Vault count percentage of total count
                 A         B        C        D         E       F
            +---------+---------+-------+---------+---------+-------
      Total |    6751 |    1627 |  19.4 |     178 |      38 |  17.6
            +---------+---------+-------+---------+---------+-------
        D:1 |      39 |       0 |   0.0 |      23 |       0 |   0.0
        D:2 |      42 |       1 |   2.3 |      15 |       1 |   6.2
        D:3 |     198 |       8 |   3.9 |      20 |       4 |  16.7
        D:4 |     547 |      91 |  14.3 |      27 |       1 |   3.6
        D:5 |     762 |     203 |  21.0 |      19 |       1 |   5.0
        D:6 |     798 |       0 |   0.0 |      14 |       0 |   0.0
        D:7 |    1411 |     749 |  34.7 |      15 |       6 |  28.6
        D:8 |    1364 |       0 |   0.0 |      21 |       0 |   0.0
        D:9 |    1557 |       0 |   0.0 |      23 |       0 |   0.0
       D:10 |      33 |       0 |   0.0 |       1 |       0 |   0.0
    Ossuary |       0 |     575 | 100.0 |       0 |      25 | 100.0
            +---------+---------+-------+---------+---------+-------
